 Dungeon Crawl Stone Soup version 0.28-a0-529-g3bad584f25 (webtiles) character file.

Game seed: 3240784998724853744

203 varam the Conjurer (level 5, 0/31 HPs)
             Began as an Octopode Hedge Wizard on Sept 24, 2021.
             Was a Follower of Uskayaw.
             Slain by an orc wizard (2 damage)
             ... on level 3 of the Dungeon.
             The game lasted 00:12:13 (4993 turns).

varam the Conjurer (Octopode Hedge Wizard)          Turns: 4993, Time: 00:12:13

Health: 0/31       AC:  1    Str:  9    XL:     5   Next: 81%
Magic:  10/11      EV: 13    Int: 17    God:    Uskayaw [*.....]
Gold:   126        SH:  0    Dex: 12    Spells: 3/12 levels left

rFire   . . .      SeeInvis .   o - +2 dagger (venom)
rCold   . . .      Faith    .   (no shield)
rNeg    . . .      Spirit   .   b - +0 hat
rPois   .          Reflect  .   (no amulet)
rElec   .          Harm     .   (no ring)
rCorr   .          Rampage  .   (no ring)
Will    .....                   (no ring)
Stlth   +++.......              (no ring)
HPRegen 0.10/turn               (no ring)
MPRegen 0.12/turn               (no ring)
                                (no ring)
                                (no ring)

@: no status effects
A: almost no armour, amphibious, 8 rings, camouflage 1, gelatinous body 1,
(nimble swimmer 1), tentacles
a: Renounce Religion, Stomp


You were on level 3 of the Dungeon.
You worshipped Uskayaw.
Uskayaw was noncommittal.
You visited 1 branch of the dungeon, and saw 4 of its levels.

You collected 126 gold pieces.

Inventory:

Hand Weapons
 a - a +0 dagger
 o - a +2 dagger of venom (weapon)
   (You found it on level 4 of the Dungeon)
Armour
 b - a +0 hat (worn)
Magical Staves
 p - a staff of fire
   (You found it on level 2 of the Dungeon)
Scrolls
 e - a scroll of enchant weapon {unknown}
 f - 2 scrolls of noise {unknown}
 l - a scroll of amnesia {unknown}
 n - 2 scrolls of immolation
 t - 3 scrolls of teleportation
Potions
 c - 2 potions of berserk rage
 g - a potion of haste
 h - a potion of lignification
 i - a potion of magic
 j - a potion of brilliance {unknown}
 k - 2 potions of might {unknown}
 m - a potion of resistance {unknown}
 q - a potion of curing
 s - a potion of attraction {unknown}
 w - a potion of heal wounds


   Skills:
 - Level 2.0 Dodging
 - Level 2.6 Stealth
 - Level 4.0 Spellcasting
 * Level 4.4 Conjurations
 - Level 1.0 Summonings
 - Level 1.0 Translocations
 + Level 1.0 Fire Magic
 + Level 0.0 Poison Magic


You had 3 spell levels left.
You knew the following spells:

 Your Spells              Type           Power      Damage    Failure   Level
a - Magic Dart            Conj           72%        1d6       2%          1
b - Blink                 Tloc           N/A        N/A       16%         2
c - Conjure Flame         Conj/Fire      12%        6-21      16%         3
d - Mephitic Cloud        Conj/Pois/Air  8%         N/A       26%         3

Your spell library contained the following spells:

 Spells                   Type           Power      Damage    Failure   Level
 Freeze                   Ice            12%        1d4       16%         1
 Sting                    Tmut/Pois      12%        1d3       16%         1
 Call Imp                 Summ           6%         N/A       16%         2
 Poisonous Vapours        Pois/Air       6%         N/A       24%         2
 Slow                     Hex            3%         N/A       24%         2
 Frozen Ramparts          Ice            6%         1d2       43%         3
 Hailstorm                Conj/Ice       10%        3d5       54%         4
 Summon Lightning Spire   Summ/Air       5%         N/A       77%         4
 Airstrike                Air            1%         N/A       83%         4
 Olgreb's Toxic Radiance  Pois           3%         N/A       83%         4
 Lightning Bolt           Conj/Air       5%         1d17      87%         5


Dungeon Overview and Level Annotations

Branches:
Dungeon (4/15)
 Temple: D:4-7

Altars:
Ashenzari
Uskayaw


Innate Abilities, Weirdness & Mutations

You cannot wear most types of armour.
You are amphibious.
You can wear up to eight rings at the same time.
Your skin changes colour to match your surroundings (Stealth+).
Your rubbery body absorbs attacks. (AC +1, EV +1)
((You are camouflaged near water. (Stealth+)))
You have tentacles for arms and can constrict up to eight enemies at once.


Message History

Casting: Magic Dart (safe; 2% risk of failure)
Confirm with . or Enter, or press ? or * to list all spells.
Aiming: Magic Dart (safe; 2% risk of failure)
Press: ? - help, Shift-Dir - straight line, f/p - orc wizard
Aim: an orc wizard, wielding a +0 dagger and wearing a +0 robe (lightly wounded, 100% to hit)
The magic dart hits the orc wizard.
The orc wizard is lightly wounded.
Casting: Magic Dart (safe; 2% risk of failure)
Confirm with . or Enter, or press ? or * to list all spells.
Aiming: Magic Dart (safe; 2% risk of failure)
Press: ? - help, Shift-Dir - straight line, f/p - orc wizard
Aim: an orc wizard, wielding a +0 dagger and wearing a +0 robe (lightly wounded, 100% to hit)
You miscast Magic Dart.
You are very lightly contaminated with residual magic.
Nothing appears to happen.
The orc wizard casts a spell.
The orc wizard flickers and vanishes!
Deactivating autopickup; reactivate with Ctrl-A.
Something hits you.
You miss something.
You hear some strange, mumbled words.
A puff of flame appears from out of thin air!
The puff of flame misses you.
Your magical contamination has completely faded away.
You closely miss something. Your squeeze misses something. Something hits you.
You hit something. Something hits you.
You barely miss something. Something hits you.
You hit something. Something hits you.
You hit something but do no damage.
You hear some strange, mumbled words.
A magic dart appears from out of thin air!
The magic dart hits you!
* * * LOW HITPOINT WARNING * * *
You closely miss something. Something hits you.
* * * LOW HITPOINT WARNING * * *
You miss something. Something hits you.
* * * LOW HITPOINT WARNING * * *
You swing at nothing.
Something barely misses you. Something hits you.
You die...

......{....###....... #.....
#...)..o.............. .......
........#.####.............###
..........# ######.#....... #
....##....# #....#. #.... #
....o...[...# #....#.# ..... #
..........####....#.##.. #
..................#....... #
###...........#.@.............###
..##.######...#......#...........
..#..................###....#####
..#.........#.#.#.##.#..........#
..#.)....r..#.#....#.#.#.....#.##
#...####....#.#.####.#)..........
#...........#.#......####........
..............#..................
..............#.######..........#


There were no monsters in sight!

Vanquished Creatures
  A hound (D:3)
  Ijyb (D:3)
  2 gnolls
  3 adders
  2 adder skeletons (D:4)
  3 worms
  3 dart slugs
  5 orcs (D:3)
  8 ball pythons
  3 bats
  6 endoplasms
  4 giant cockroaches
  4 goblins
  8 hobgoblins
  3 jackals (D:1)
  10 kobolds
  3 quokkas
  4 frilled lizards
  5 rats
78 creatures vanquished.

Notes
Turn   | Place    | Note
-------+----------+-------------------------------------------
     0 | D:1      | varam the Octopode Hedge Wizard began the quest for the
                  | Orb.
     0 | D:1      | Reached XP level 1. HP: 11/11 MP: 4/4
   462 | D:1      | Found a faded altar of an unknown god.
   478 | D:1      | Became a worshipper of Uskayaw the Reveller
   478 | D:1      | Reached * piety under Uskayaw
   490 | D:1      | Reached XP level 2. HP: 17/17 MP: 3/6
   493 | D:1      | Reached ** piety under Uskayaw
  1212 | D:1      | Learned a level 2 spell: Blink
  1408 | D:1      | Reached XP level 3. HP: 21/21 MP: 5/7
  1696 | D:2      | Found a broken altar of Ashenzari.
  2435 | D:3      | Reached XP level 4. HP: 27/27 MP: 3/9
  3110 | D:2      | HP: 2/40 [poisoned by an adder]
  3476 | D:2      | Reached XP level 5. HP: 31/31 MP: 0/10
  3480 | D:2      | Learned a level 3 spell: Conjure Flame
  3662 | D:3      | Noticed Ijyb
  3727 | D:4      | Noticed a steam dragon
  4043 | D:4      | Noticed a necrophage
  4618 | D:3      | Learned a level 3 spell: Mephitic Cloud
  4627 | D:3      | Killed Ijyb
  4727 | D:3      | Reached skill level 1 in Fire Magic
  4990 | D:3      | HP: 1/31 [something (4)]
  4993 | D:3      | Slain by an orc wizard

Illustrated notes

Levels and vault maps discovered:
D:1:      dpeg_arrival_more_subterranean_lakeside_camping, layout_basic,
          shapermc_ecumenical_altar_starsandcircs
D:2:      layout_basic, basic_altar
D:3:      layout_basic, uniq_ijyb
D:4:      layout_basic, minmay_misc_feat_nine_boxes

Skill      XL: |  1  2  3  4  5 |
---------------+----------------+-----
Conjurations   | 2 3 4 |  4.4
Spellcasting   | 4 |  4.0
Fire Magic     | 1 |  1.0
Dodging        | |  2.0
Stealth        | |  2.6
Summonings     | |  1.0
Translocations | |  1.0

Action                   |  1- 3 |  4- 6 || total
-------------------------+-------+-------++-------
Melee: Dagger            |    33 |    49 ||    82
       Constrict         |    10 |     5 ||    15
       Tentacles         |     8 |     6 ||    14
 Cast: Magic Dart        |    80 |   122 ||   202
       Conjure Flame     |       |     1 ||     1
       Mephitic Cloud    |       |     1 ||     1
  Use: Potion            |       |     4 ||     4
       Scroll            |       |     4 ||     4
 Stab: Sleeping          |     3 |       ||     3
       Confused          |       |     2 ||     2
Armor: Skin              |       |    17 ||    17
Dodge: Dodged            |    27 |    29 ||    56

Table legend: (Time is in decaauts)
 A = Elapsed time spent in this place.
 B = Non-inter-level travel time spent in this place.
 C = Inter-level travel time spent in this place.
 D = Time resting spent in this place.
 E = Time spent auto-exploring this place.
 F = Levels seen in this place.
 G = Mean time per level.
                   A        B        C        D        E       F      G
               +--------+--------+--------+--------+--------+-----+--------+
         Total |   4998 |   4732 |    266 |    515 |   3452 |   4 | 1249.5 |
       Dungeon |   4998 |   4732 |    266 |    515 |   3452 |   4 | 1249.5 |
               +--------+--------+--------+--------+--------+-----+--------+

Top non-repeatable levels by time:
     D:1: 1781 daAuts
     D:3: 1198 daAuts
     D:2: 1109 daAuts
     D:4: 908 daAuts
